 Dungeon Crawl Stone Soup version 0.17.0-28-g6e173f8 (webtiles) character file.

6211 DeXoteric the Covert (level 11, 0/73 HPs)
             Began as a Kobold Berserker on Nov 26, 2015.
             Was an Elder of Trog.
             Succumbed to a killer bee's poison
             ... on level 10 of the Dungeon.
             The game lasted 00:31:03 (10053 turns).

DeXoteric the Covert (Kobold Berserker)            Turns: 10053, Time: 00:31:03

Health: 0/73       AC:  9    Str: 15    XL:     11   Next: 14%
Magic:  11/11      EV: 17    Int:  5    God:    Trog [****..]
Gold:   488        SH:  0    Dex: 24    Spells: 0 memorised, 10 levels left

rFire  . . .     SeeInvis +     a - +1 short sword (flame)
rCold  x . .     Clarity  .     P - +0 scale mail
rNeg   . . .     SustAt   .     (shield restricted)
rPois  .         Gourm    .     J - +0 helmet
rElec  .         Spirit   .     O - +0 cloak
rCorr  +         Warding  .     (no gloves)
rMut   .         Stasis   .     s - +0 pair of boots
MR     .....                    K - amulet of resist corrosion
Stlth  +++++.....               x - ring of Lorism {+Fly rC- Dex+4 SInv}
                                r - +4 ring of evasion

@: lethally poisoned (0 -> -2), not resistant to hostile enchantments, quite
stealthy
A: carnivore 3
a: Berserk, Trog's Hand, Brothers in Arms, Burn Spellbooks, Renounce Religion,
Evoke Flight


You were on level 10 of the Dungeon.
You worshipped Trog.
Trog was greatly pleased with you.
You were not hungry.

You visited 1 branch of the dungeon, and saw 10 of its levels.
You also visited: Ossuary.

You collected 576 gold pieces.
You spent 88 gold pieces at shops.

Inventory:

Hand Weapons
 a - a +1 short sword of flaming (weapon)
 b - a +2 dagger of venom
Armour
 e - a +0 ring mail
 s - a +0 pair of boots (worn)
 J - a +0 helmet (worn)
 O - a +0 cloak (worn)
 P - a +0 scale mail (worn)
Jewellery
 r - a +4 ring of evasion (left hand)
 x - the ring of Lorism (right hand) {+Fly rC- Dex+4 SInv}
   (You found it on level 4 of the Dungeon)

   [ring of see invisible]

   It affects your dexterity (+4).
   It makes you vulnerable to cold.
   It lets you see invisible.
   It lets you fly.
 K - an amulet of resist corrosion (around neck)
Wands
 k - a wand of teleportation (1)
 H - a wand of frost (23)
 L - a wand of draining (10)
Scrolls
 h - 6 scrolls of enchant armour {unknown}
 i - 4 scrolls of fog {unknown}
 l - 5 scrolls of remove curse
 m - 2 scrolls of noise {unknown}
 o - a scroll of summoning {unknown}
 p - 4 scrolls of enchant weapon {unknown}
 t - a scroll of random uselessness {unknown}
 y - a scroll of immolation {unknown}
 z - 2 scrolls of teleportation {unknown}
 A - a scroll of blinking {unknown}
 C - a scroll of recharging {unknown}
 D - 2 scrolls of fear {unknown}
 F - 2 scrolls of amnesia {unknown}
 M - 5 scrolls of identify
 Q - a scroll of vulnerability {unknown}
Potions
 d - a potion of berserk rage
 f - 12 potions of curing
 g - 2 potions of ambrosia
 j - 2 potions of agility
 u - 4 potions of flight
 v - 2 potions of resistance
 w - 2 potions of brilliance
 B - a potion of might
 E - 2 potions of beneficial mutation {unknown}
 G - 6 potions of heal wounds
 I - a potion of invisibility {unknown}
Comestibles
 c - 8 meat rations
 n - 6 beef jerkies
 q - 9 slices of pizza


   Skills:
 + Level 10.5 Fighting
 + Level 12.4 Short Blades
 - Level 1.5 Armour
 - Level 2.4 Dodging
 + Level 12.9 Stealth


You had 10 spell levels left.
You didn't know any spells.

Dungeon Overview and Level Annotations

Branches:
Dungeon (10/15)            Temple (0/1) D:5            Lair (0/8) D:10
    Orc: D:9-12

Altars:
Kikubaaqudgha
Nemelex Xobeh
Ru
Sif Muna
Trog
Vehumet
Xom
The Shining One

Shops:
D:5 (   D:7 !=

Annotations:
D:10 Urug


Innate Abilities, Weirdness & Mutations

You are small and have problems with some larger weapons.
You are carnivorous and can eat meat at any time.


Message History

You hit the black bear. You burn the black bear.
You kill the black bear!
Trog accepts your kill.
Your skin stops crawling.
You feel less resistant to hostile enchantments.
You feel sick. The trapdoor spider zombie misses you.
The trapdoor spider zombie misses you.
You see here a black bear corpse.
You completely miss the trapdoor spider zombie.
You hit Urug. You burn Urug.
Urug is lightly wounded.
The trapdoor spider zombie closely misses you.
You hit Urug but do no damage.
Urug is lightly wounded.
The trapdoor spider zombie completely misses you.
Urug hits you with a war axe of flaming!!
* * * LOW HITPOINT WARNING * * *
Urug burns you!
* * * LOW HITPOINT WARNING * * *
You die...

# #............>......# #..... #
#.....Z.............###..... #
#........######...........##
######........# #...........#
o.............# #...........#
....o.........# #...........#
......o.......# #...........##
..............######......####...
..........###.Z†K.........# #...
########### #.o######.....# #...
#..# #..... #... #..# ... ####
####


You could see Urug and a trapdoor spider zombie.

Vanquished Creatures
  The ghost of Beholder179 the Protected, a novice HuWn of Ashenzari (D:7)
  A wolf spider zombie (D:8)
  A centaur skeleton (D:9)
  Grinder (D:6)
  A deep elf mage (D:10)
  A human (D:9)
  2 hippogriffs (D:10)
  3 hungry ghosts
  4 orc warriors
  A black bear (D:10)
  An ogre (D:9)
  2 ice beasts
  A phantom (D:9)
  2 sky beasts
  2 centaurs
  2 giant frogs
  A big kobold (D:10)
  A wyvern skeleton (D:9)
  3 scorpions
  3 wights (D:10)
  10 killer bees
  6 bog bodies (Ossuary)
  4 centaur zombies
  3 hounds
  5 crimson imps
  4 giant frog zombies (Ossuary)
  A jelly (D:10)
  A giant frog skeleton (D:5)
  2 orc priests
  6 orc wizards
  2 iguanas
  6 worker ants
  A killer bee zombie (Ossuary)
  4 sheep (D:9)
  7 mummies (Ossuary)
  3 hound zombies
  2 hound skeletons
  10 adders
  2 shadow imps
  4 worms
  3 giant geckos
  26 orcs
  2 ball pythons
  4 giant cockroaches
  6 goblins
  8 hobgoblins
  9 jackals
  9 kobolds
  2 quokkas
  8 bats
  A giant cockroach zombie (Ossuary)
  A giant gecko skeleton (D:7)
  6 giant newts
  2 quokka skeletons
  A quokka zombie (D:5)
  6 rats
211 creatures vanquished.

Vanquished Creatures (others)
  A worm (D:4)
  7 plants (Ossuary)
8 creatures vanquished.

Grand Total: 219 creatures vanquished

Notes
Turn   | Place    | Note
--------------------------------------------------------------
     0 | D:1      | DeXoteric the Kobold Berserker began the quest for the Orb.
     0 | D:1      | Reached XP level 1. HP: 14/14 MP: 1/1
     9 | D:1      | Noticed a black bear
     9 | D:1      | Noticed a lindwurm
   218 | D:1      | Reached XP level 2. HP: 19/19 MP: 2/2
   396 | D:1      | Reached skill level 1 in Stealth
   677 | D:2      | Reached XP level 3. HP: 13/24 MP: 3/3
   886 | D:1      | HP: 1/24 [poisoned by an adder]
  1188 | D:2      | Reached ** piety under Trog
  1402 | D:2      | Reached XP level 4. HP: 16/29 MP: 4/4
  1627 | D:2      | Reached skill level 5 in Short Blades
  1826 | D:2      | Found a sacrificial altar of Ru.
  2022 | D:2      | Found a shimmering altar of Xom.
  2022 | D:2      | Found a glowing golden altar of the Shining One.
  2085 | D:2      | Reached XP level 5. HP: 33/33 MP: 5/5
  2565 | D:3      | Reached *** piety under Trog
  2709 | D:4      | Reached XP level 6. HP: 39/39 MP: 6/6
  2817 | D:4      | Reached skill level 6 in Short Blades
  2855 | D:4      | Found a radiant altar of Vehumet.
  2889 | D:4      | Reached skill level 5 in Fighting
  2889 | D:4      | Reached skill level 5 in Stealth
  3136 | D:4      | Got a scorched platinum ring
  3137 | D:4      | Identified the ring of Lorism {+Fly rC- Dex+4 SInv} (You found it on level 4 of the Dungeon)
  3337 | D:5      | Entered Level 5 of the Dungeon
  3442 | D:5      | Reached XP level 7. HP: 31/44 MP: 7/7
  3761 | D:5      | Found a staircase to the Ecumenical Temple.
  3907 | D:5      | Found Pyatweg's Weapon Emporium.
  4289 | D:6      | Noticed Grinder
  4431 | D:6      | Reached skill level 7 in Short Blades
  4463 | D:6      | Found a sand-covered staircase.
  4467 | D:6      | Reached XP level 8. HP: 49/51 MP: 8/8
  4477 | Ossuary  | Entered an ossuary
  4652 | Ossuary  | Reached skill level 8 in Short Blades
  5574 | D:6      | Reached XP level 9. HP: 57/57 MP: 9/9
  5650 | D:6      | Reached skill level 9 in Short Blades
  6103 | D:6      | Found a deep blue altar of Sif Muna.
  6176 | D:6      | Killed Grinder
  6232 | D:6      | Found a sparkling altar of Nemelex Xobeh.
  6477 | D:7      | Noticed Beholder179's ghost (novice HuWn)
  6516 | D:7      | Killed Beholder179's ghost
  6516 | D:7      | Reached skill level 10 in Short Blades
  6516 | D:7      | Reached skill level 10 in Stealth
  6597 | D:7      | Found Tecet's Distillery.
  6605 | D:7      | Bought a potion of curing for 33 gold pieces
  6605 | D:7      | Bought a potion of heal wounds for 55 gold pieces
  6783 | D:7      | Reached XP level 10. HP: 44/65 MP: 10/10
  6907 | D:7      | Found Nudued's Jewellery Shop.
  6970 | D:7      | Found an ancient bone altar of Kikubaaqudgha.
  7219 | D:8      | Reached skill level 11 in Stealth
  7522 | D:8      | Noticed a wolf spider zombie
  7529 | D:8      | Killed a wolf spider zombie
  8146 | D:9      | Found a bloodstained altar of Trog.
  8438 | D:9      | Reached skill level 12 in Stealth
  8905 | D:9      | Reached skill level 10 in Fighting
  9133 | D:10     | Entered Level 10 of the Dungeon
  9492 | D:10     | Reached XP level 11. HP: 59/72 MP: 11/11
  9493 | D:10     | Reached **** piety under Trog
  9954 | D:10     | Found a staircase to the Lair.
 10013 | D:10     | Noticed Urug
 10052 | D:10     | HP: 1/73 [Urug/war axe of flaming (8)]
 10053 | D:10     | Succumbed to a killer bee's poison

Action                   |  1- 3 |  4- 6 |  7- 9 | 10-12 || total
-------------------------+-------+-------+-------+-------++-------
Melee: Short sword       |   132 |   193 |   406 |   390 ||  1121
       Dagger            |       |    26 |       |       ||    26
Invok: Berserk           |       |     2 |     6 |       ||     8
       Trog's Hand       |       |     1 |     9 |     3 ||    13
       Burn Spellbooks   |       |       |     1 |       ||     1
  Use: Scroll            |       |     4 |       |     8 ||    12
 Stab: Sleeping          |       |     8 |     6 |     7 ||    21
       Distracted        |       |     1 |     2 |       ||     3
  Eat: Chunk             |     5 |    14 |    17 |    18 ||    54
       Pizza             |       |       |       |     1 ||     1
